 Dungeon Crawl Stone Soup version 0.28-a0-445-g51f8dfeb47 (webtiles) character file.

Game seed: 7803780560390284537

116 Dabor the Skirmisher (level 5, -1/42 HPs)
             Began as a Formicid Abyssal Knight on Sept 13, 2021.
             Was a Believer of Lugonu.
             Slain by a black bear (5 damage)
             ... on level 3 of the Dungeon.
             The game lasted 00:08:18 (2682 turns).

Dabor the Skirmisher (Formicid Abyssal Knight)      Turns: 2682, Time: 00:08:19

Health: -1/42      AC:  8    Str: 17    XL:     5   Next: 21%
Magic:  7/7        EV:  8    Int: 12    God:    Lugonu [**....]
Gold:   66         SH:  7    Dex: 10    Spells: 4/4 levels left

rFire   . . .      SeeInvis +   d - +0 hand axe (vamp)
rCold   . . .      Faith    .   f - +0 kite shield {AC+3}
rNeg    . . .      Spirit   .   k - +0 ring mail
rPois   .          Reflect  .   (helmet unavailable)
rElec   .          Harm     .   (no cloak)
rCorr   .          Rampage  .   (no gloves)
Will    .....                   (no boots)
Stlth   ..........              (no amulet)
HPRegen 0.14/turn               (no ring)
MPRegen 0.10/turn               (no ring)

@: no status effects
A: permanent stasis, dig shafts and tunnels, antennae 3, four strong arms
a: Dig, Shaft Self, Renounce Religion, Depart the Abyss, Bend Space


You were on level 3 of the Dungeon.
You worshipped Lugonu.
Lugonu was pleased with you.
You visited 1 branch of the dungeon, and saw 3 of its levels.
You visited the Abyss 1 time.

You collected 66 gold pieces.

Inventory:

Hand Weapons
 a - a +1 spear
 d - a +0 vampiric hand axe (weapon)
 m - a +0 halberd
Missiles
 j - 45 stones (quivered)
 q - 7 poisoned darts
Armour
 f - a +0 kite shield of protection (worn)
 k - a +0 ring mail (worn)
Scrolls
 b - a scroll of magic mapping {unknown}
 h - a scroll of summoning {unknown}
 i - 2 scrolls of identify {unknown}
 l - a scroll of silence {unknown}
 n - a scroll of immolation {unknown}
 r - a scroll of blinking {unknown}
Potions
 c - 2 potions of invisibility {unknown}
 e - 2 potions of curing {unknown}
 g - a potion of berserk rage {unknown}
 o - a potion of heal wounds {unknown}
 p - a potion of ambrosia {unknown}


   Skills:
 + Level 3.7 Fighting
 * Level 3.0 Polearms
 + Level 0.7 Throwing
 + Level 2.8 Armour
 + Level 1.7 Dodging
 + Level 1.3 Shields
 + Level 3.0 Invocations


You had 4 spell levels left.
You didn't know any spells.
Your spell library contained the following spells:

 Spells                   Type           Power      Damage    Failure   Level
 Animate Skeleton         Necr           0%         N/A       97%         1
 Apportation              Tloc           0%         N/A       97%         1
 Summon Small Mammal      Summ           0%         N/A       97%         1
 Sublimation of Blood     Necr           0%         N/A       99%         2
 Wereblood                Tmut           0%         N/A       99%         2
 Summon Hydra             Summ           0%         N/A       100%        7


Dungeon Overview and Level Annotations

Branches:
Dungeon (3/15)

Altars:


Innate Abilities, Weirdness & Mutations

You cannot be hasted, slowed, berserked, paralysed or teleported.
You can dig through walls and to a lower floor.
You have a pair of large antennae on your head. (SInv)
Your four strong arms can wield two-handed weapons with a shield.


Message History

The black bear bites you but does no damage.
The black bear closely misses you. The black bear claws you.
You hit the black bear.
The black bear is moderately wounded.
The black bear bites you. The black bear barely misses you.
You block the black bear's attack.
You hit the black bear.
The black bear is moderately wounded.
The black bear bites you but does no damage.
You block the black bear's attack. The black bear claws you.
You slash the black bear!
You feel better.
The black bear is severely wounded.
The black bear barely misses you.
The black bear claws you but does no damage. x2
The black bear closely misses you. The black bear claws you.
You block the black bear's attack.
You hit the black bear.
You feel better.
The black bear is severely wounded.
The black bear goes berserk!
You closely miss the black bear.
The black bear is severely wounded.
The black bear completely misses you.
The black bear claws you but does no damage.
The black bear claws you. The black bear bites you.
You block the black bear's attack.
The black bear claws you but does no damage.
You block the black bear's attack. The black bear claws you. x2
You barely miss the black bear.
The black bear is severely wounded.
The black bear bites you! The black bear claws you.
The black bear barely misses you. The black bear bites you.
* * * LOW HITPOINT WARNING * * *
The black bear claws you but does no damage.
The black bear claws you.
* * * LOW HITPOINT WARNING * * *
You are too injured to fight recklessly!
You fail to use your ability.
You block the black bear's attack. The black bear closely misses you.
The black bear barely misses you. The black bear bites you.
You die...

.#..####.).... ..
.+..........##...... ..
.#................. .. .
##.....##...###..#.#.#..
##.....................
........)..............
............#....#.#.#..
##.######...............
##.####.....##.#@#.#.#.
..>.............h.......
##.###..#....|..........
................(....#.#
##..............(......
...........####(###.##.#
........#..####(###.##.#
....#.........).........
........#+.##.###)##.#.#


You could see a black bear (berserk).

Vanquished Creatures
  3 adders (D:3)
  3 worms
  2 dart slugs
  2 orcs (D:3)
  5 bats
  6 endoplasms
  A giant cockroach (D:1)
  9 goblins
  10 hobgoblins
  5 jackals
  6 kobolds
  A quokka (D:3)
  7 ball pythons
  5 frilled lizards
  5 rats
70 creatures vanquished.

Notes
Turn   | Place    | Note
-------+----------+-------------------------------------------
     0 | Abyss:1  | Dabor the Formicid Abyssal Knight began the quest for the
                  | Orb.
     0 | Abyss:1  | Reached XP level 1. HP: 18/18 MP: 2/2
     0 | D:1      | Escaped the Abyss
    39 | D:1      | Reached skill level 1 in Dodging
   103 | D:1      | Found a faded altar of an unknown god.
   115 | D:1      | Reached * piety under Lugonu
   119 | D:1      | Reached XP level 2. HP: 14/24 MP: 3/3
   699 | D:1      | Reached XP level 3. HP: 29/29 MP: 4/4
  1406 | D:2      | Reached XP level 4. HP: 37/37 MP: 5/5
  1832 | D:2      | Reached ** piety under Lugonu
  2088 | D:3      | Reached skill level 1 in Shields
  2488 | D:3      | Reached XP level 5. HP: 36/42 MP: 7/7
  2659 | D:3      | Noticed a black bear
  2682 | D:3      | Slain by a black bear

Illustrated notes

Levels and vault maps discovered:
D:1:      dpeg_arrival_brainrot, layout_rooms,
          hellmonk_ecumenical_altar_pennies_from_heaven, minmay_surrounded
D:2:      wad_pebble_path, layout_basic
D:3:      minmay_spotlight, layout_basic, gammafunk_ghost_grave,
          minmay_diced_spiral

Skill      XL: |  1  2  3  4  5 |
---------------+----------------+-----
Dodging        | 1 |  1.7
Shields        | 1 |  1.3
Invocations    | 3 |  3.0
Polearms       | 3 |  3.0
Fighting       | |  3.7
Throwing       | |  0.7
Armour         | |  2.8

Action                   |  1- 3 |  4- 6 || total
-------------------------+-------+-------++-------
Melee: Spear             |    28 |       ||    28
       Hand axe          |    79 |   129 ||   208
Throw: Stone             |    10 |     7 ||    17
Invok: Depart the Abyss  |     1 |       ||     1
 Abil: Dig               |     2 |       ||     2
Armor: Leather armour    |    21 |       ||    21
       Ring mail         |    17 |    61 ||    78
Dodge: Dodged            |    41 |    68 ||   109
Block: Kite shield       |    24 |    45 ||    69

Table legend: (Time is in decaauts)
 A = Elapsed time spent in this place.
 B = Non-inter-level travel time spent in this place.
 C = Inter-level travel time spent in this place.
 D = Time resting spent in this place.
 E = Time spent auto-exploring this place.
 F = Levels seen in this place.
 G = Mean time per level.
                   A        B        C        D        E       F      G
               +--------+--------+--------+--------+--------+-----+--------+
         Total |   2790 |   2746 |     44 |      0 |   1974 |   4 |  697.5 |
       Dungeon |   2790 |   2746 |     44 |      0 |   1974 |   3 |  930.0 |
         Abyss |      0 |      0 |      0 |      0 |      0 |   1 |    0.0 |
               +--------+--------+--------+--------+--------+-----+--------+

Top non-repeatable levels by time:
     D:1: 1218 daAuts
     D:2: 877 daAuts
     D:3: 695 daAuts
